 Dungeon Crawl Stone Soup version bcrawl-1.21.3-16-g7f46a08de7 (webtiles) character file.

Game seed: 869065175212401667

681 MisterOstroum the Sneak (level 7, -5/44 HPs)
             Began as a Vine Stalker Rogue on Mar 28, 2020.
             Was an Initiate of Wu Jian.
             Splashed by a jelly's acid (9 damage)
             ... on level 5 of the Dungeon on May 2, 2020.
             The game lasted 00:10:11 (4655 turns).

MisterOstroum the Sneak (Vine Stalker Rogue)        Turns: 4655, Time: 00:10:11

Health: -5/44      AC:  6    Str: 13    XL:     7   Next: 61%
Magic:  10/10      EV: 18    Int: 11    God:    Wu Jian [......]
Gold:   279        SH:  0    Dex: 23    Spells: 6/6 levels left

rFire    . . .     SeeInvis .   y - +4 short sword
rCold    . . .     Gourm    .   (no shield)
rNeg     . . .     Faith    .   G - +1 leather armour {MR+}
rPois    .         Spirit   .   v - +0 helmet
rElec    .         Reflect  .   d - +0 cloak
rCorr    .         Harm     .   (no gloves)
MR       +....                  (no boots)
Stlth    ++++......             (no amulet)
HPRegen  0.54/turn              B - ring of wizardry
MPRegen  0.12/turn              (no ring)

@: agile
A: fangs 3, regeneration 1, no potion heal 3, rot immunity, strong jaws
a: Renounce Religion


You were on level 5 of the Dungeon.
You worshipped Wu Jian.
Wu Jian was noncommittal.
You were hungry.

You visited 1 branch of the dungeon, and saw 6 of its levels.

You collected 279 gold pieces.

Inventory:

Hand Weapons
 a - a +2 dagger
 b - a +0 blowgun
 s - a +0 vampiric dagger
 y - a +4 short sword (weapon)
 D - a +4 hand axe of flaming
 H - a +0 rapier
 N - a +2 dagger of chaos
Missiles
 h - 150 poisoned needles
 l - 707 sling bullets
 p - 1217 stones (quivered)
 q - 687 bolts
 C - 94 arrows
 E - 178 tomahawks
 P - 2 throwing nets {!f!f}
Armour
 c - a +0 robe
 d - a +0 cloak (worn)
 k - a +0 scale mail of cold resistance
 v - a +0 helmet (worn)
 G - a +1 leather armour of magic resistance (worn)
Jewellery
 B - a ring of wizardry (left hand)
Wands
 f - a wand of flame (4)
 g - a wand of enslavement (12)
 F - a wand of digging (8)
 M - a wand of polymorph (12)
Scrolls
 m - 4 scrolls of identify {@r1}
 o - a scroll of magic mapping {unknown}
 r - 5 scrolls of remove curse {unknown}
 t - a scroll of enchant weapon {unknown}
 u - 4 scrolls of teleportation {unknown}
 A - a scroll of noise {unknown}
 I - a scroll of blinking {unknown}
 O - a scroll of fear {unknown}
Potions
 i - 3 potions of curing
 j - a potion of agility
 n - 4 potions of brilliance
 w - a potion of heal wounds {unknown}
 x - a potion of degeneration {unknown}
 z - a potion of cancellation {unknown}
 J - a potion of haste {unknown}
 K - a potion of flight {unknown}
 L - a potion of might {unknown}
Comestibles
 e - 11 rations {!d}


   Skills:
 * Level 4.6 Fighting
 * Level 4.5 Short Blades
 + Level 2.8 Dodging
 - Level 5.8 Stealth
 + Level 3.3 Evocations


You had 6 spell levels left.
You didn't know any spells.
Your spell library contained the following spells:

 Spells                   Type           Power        Failure   Level  Hunger
 Magic Dart               Conj           #...         17%         1    ##.....
 Searing Ray              Conj           #.......     26%         2    ###....
 Iskenderun's Mystic Bla  Conj           #.......     45%         3    ####...
 Fulminant Prism          Conj/Hex       #.........   85%         4    #####..
 Irradiate                Conj/Tmut      #.........   99%         5    ######.


Dungeon Overview and Level Annotations

Branches:
Dungeon (6/12)
 Temple: D:4-7

Altars:
Dithmenos
Fedhas
Gozag
Hepliaklqana
Kikubaaqudgha
Lugonu
Okawaru
Qazlal
Uskayaw
Wu Jian
The Shining One


Innate Abilities, Weirdness & Mutations

You have razor-sharp teeth.
Your natural rate of healing is unusually fast.
Potions cannot restore your health.
You are immune to rotting.
Your bites deal extra damage.


Message History

No target in view!
No target in view!
q - 687 bolts (gained 147)
Found a ring mail.
No target in view!
Found a hazy altar of Hepliaklqana.
Some of the chunks of flesh in your inventory have rotted away.
There is a stormy altar of Qazlal here.
You see here a robe.
There is a stone staircase leading up here.
All of the chunks of flesh in your inventory have rotted away.
You are feeling hungry.
No target in view!
No target in view!
As you open the door, it creaks loudly!
There is an open door here.
Found a stone staircase leading down.
J - a dark potion You now have 279 gold pieces (gained 16).
Found a stone staircase leading up.
u - 4 scrolls labeled OBIS NEOTURAG (gained 1)
There is an open door here.
Done exploring.
No target in view!
No target in view!
No target in view!
No target in view!
No target in view!
No target in view!
No target in view!
Done exploring.
Done exploring.
Done exploring.
(D) Dungeon
Where to? (Enter - D:5, ? - help)
There is a stone staircase leading down here.
You climb downwards.
A jelly comes into view.
The jelly quivers.
Found a ration.
There is a stone staircase leading up here.
A jelly is nearby!
A jelly is nearby!
A cyclops comes into view.
The helpless cyclops fails to defend itself.
You impale the cyclops!! You bite the cyclops, but do no damage.
The cyclops is heavily wounded.
The cyclops hits you!!
Ouch! That really hurt!
You hear a shout!
You are too injured to fight recklessly!
You are too injured to fight recklessly!
You are too injured to fight recklessly!
You are too injured to fight recklessly!
You are too injured to fight recklessly!
You are too injured to fight recklessly!
You are too injured to fight recklessly!
You are too injured to fight recklessly!
You are too injured to fight recklessly!
You are too injured to fight recklessly!
You are too injured to fight recklessly!
You are too injured to fight recklessly!
You are too injured to fight recklessly!
No path to travel!
There is a stone staircase leading up here.
Evoke which item? (* to show all) (? for menu, Esc to quit)
Aiming: Polymorph
Press: ? - help, Shift-Dir - straight line, f - cyclops
Aim: a cyclops, quivering 64 large rocks (heavily wounded, chance to defeat MR: 37%)
Okay, then.
Evoke which item? (* to show all) (? for menu, Esc to quit)
Aiming: Enslavement
Press: ? - help, Shift-Dir - straight line, f - cyclops
Aim: a cyclops, quivering 64 large rocks (heavily wounded, chance to defeat MR: 37%)
The cyclops resists with some effort.
Evoke which item? (* to show all) (? for menu, Esc to quit)
Aiming: Enslavement
Press: ? - help, Shift-Dir - straight line, f/p - cyclops
Aim: a cyclops, quivering 64 large rocks (heavily wounded, chance to defeat MR: 37%)
The cyclops resists with some effort.
The cyclops barely misses you. The jelly hits you but does no damage.
The cyclops hits you!!
* * * LOW HITPOINT WARNING * * *
The jelly hits you but does no damage.
You climb upwards.
There is a stone staircase leading down here.
Okay, then.
Unknown command.
Okay, then.
You feel agile all of a sudden. The jelly barely misses you.
You hit the cyclops. You bite the cyclops.
The cyclops is severely wounded.
The cyclops barely misses you.
You hit the cyclops but do no damage.
The cyclops is severely wounded.
The jelly hits you.
* * * LOW HITPOINT WARNING * * *
You are splashed with acid!
You die...

.##[##....# #...#_..###_._###.._
..........#####..###..#######..##
...................##.........###
......#########..########.#####.#
.###...............# #'# #.# .#
#.........###.#.# ##.# #.# .#
#...........#.#.# #..# #.#
.###...........#J#.# #.## #.#
...............#@#.# #.# #.#
.####.#####....#C#.#####.######.#
.# #.# #....#.#............#.# .#
#)#####....#.############.#.# .#
#..........#.############.#.# .#
#..........#................# .#
#.........................### .#
##......################### .#
#...[.......#


You could see a cyclops and a jelly.

Vanquished Creatures
  Eustachio (D:4)
  A centaur (D:4)
  A howler monkey (D:5)
  2 crimson imps
  A hound (D:4)
  An orc priest (D:3)
  2 orc wizards (D:3)
  Ijyb (D:5)
  4 gnolls (D:3)
  A howler monkey skeleton (D:4)
  6 adders
  2 shadow imps
  2 oozes
  A worm (D:1)
  4 dart slugs
  3 leopard geckos
  8 orcs
  6 giant cockroaches
  8 goblins
  4 hobgoblins (D:2)
  3 quokkas
  2 ball pythons
  2 bats (D:1)
  5 frilled lizards
  A jackal skeleton (D:4)
  5 kobolds
  5 rats
82 creatures vanquished.

Vanquished Creatures (collateral kills)
  An orc (D:4)
1 creature vanquished.

Vanquished Creatures (others)
  An orc (D:4)
1 creature vanquished.

Grand Total: 84 creatures vanquished

Notes
Turn   | Place    | Note
-------+----------+-------------------------------------------
     0 | D:1      | MisterOstroum the Vine Stalker Rogue began the quest for
                  | the Orb.
     0 | D:1      | Reached XP level 1. HP: 12/12 MP: 3/3
     0 | D:1      | Upgraded the game from bcrawl-1.21.3 to
                  | bcrawl-1.21.3-16-g7f46a08de7
   275 | D:1      | Reached XP level 2. HP: 17/17 MP: 4/4
   755 | D:2      | Noticed an ogre
   990 | D:2      | Reached XP level 3. HP: 22/22 MP: 5/5
  1458 | D:3      | Reached skill level 1 in Dodging
  1458 | D:3      | Reached XP level 4. HP: 7/27 MP: 6/6
  1609 | D:3      | Found a shadowy altar of Dithmenos.
  1609 | D:3      | Found a corrupted altar of Lugonu.
  1656 | D:3      | Found a blossoming altar of Fedhas.
  2028 | D:3      | Reached XP level 5. HP: 5/32 MP: 7/7
  2345 | D:3      | Found an ornate altar of the Wu Jian Council.
  3017 | D:4      | Gained mutation: You have razor-sharp teeth. [Vine Stalker
                  | growth]
  3017 | D:4      | Reached XP level 6. HP: 29/37 MP: 7/9
  3377 | D:3      | Became a worshipper of the Wu Jian Council
  3701 | D:4      | Noticed Eustachio
  3726 | D:4      | Killed Eustachio
  3726 | D:4      | Reached XP level 7. HP: 5/44 MP: 10/10
  3969 | D:5      | Entered Level 5 of the Dungeon
  4077 | D:5      | Found an iron altar of Okawaru.
  4077 | D:5      | Found an ancient bone altar of Kikubaaqudgha.
  4082 | D:5      | Found a glowing golden altar of the Shining One.
  4084 | D:5      | Found a hide-covered altar of Uskayaw.
  4086 | D:5      | Found an opulent altar of Gozag.
  4229 | D:5      | Found a stormy altar of Qazlal.
  4252 | D:5      | Noticed Ijyb
  4255 | D:5      | Killed Ijyb
  4401 | D:5      | Found a hazy altar of Hepliaklqana.
  4646 | D:6      | Noticed a cyclops
  4651 | D:6      | HP: 2/44 [cyclops (19)]
  4655 | D:5      | Splashed by a jelly's acid

Skill      XL: |  1  2  3  4  5  6 |
---------------+-------------------+-----
Fighting       | 2 3 4 |  4.6
Short Blades   | 2 3 4 |  4.5
Evocations     | 2 3 |  3.3
Dodging        | 1 2 |  2.8
Stealth        | |  5.8

Action                   |  1- 3 |  4- 6 |  7- 9 || total
-------------------------+-------+-------+-------++-------
Melee: Dagger            |   123 |   142 |       ||   265
       Bite              |    11 |    24 |     3 ||    38
       Short sword       |       |    38 |    28 ||    66
Throw: Stone             |    12 |     6 |       ||    18
Invok: Whirlwind         |       |     7 |       ||     7
       Lunge             |       |     2 |     5 ||     7
Evoke: Wand              |     1 |    11 |     2 ||    14
  Use: Scroll            |       |     5 |       ||     5
       Potion            |       |       |     1 ||     1
 Stab: Sleeping          |     9 |     9 |     7 ||    25
       Distracted        |     1 |     1 |       ||     2
  Eat: Chunk             |     2 |     7 |     2 ||    11
Armor: Robe              |    16 |    35 |       ||    51
       Leather armour    |       |       |     5 ||     5
Dodge: Dodged            |    45 |   118 |    13 ||   176
